 Dungeon Crawl Stone Soup version 0.18.1-50-g88ac8fd (webtiles) character file.

273 grisgris the Sneak (level 6, -3/43 HPs)
             Began as a Vampire Enchanter on Oct 22, 2016.
             Slain by a giant frog (5 damage)
             ... on level 3 of the Dungeon.
             The game lasted 00:10:32 (3095 turns).

grisgris the Sneak (Vampire Enchanter)              Turns: 3095, Time: 00:10:33

Health: -3/43      AC:  3    Str:  7      XL:     6   Next: 3%
Magic:  1/11       EV: 13    Int: 20      God:
Gold:   98         SH:  0    Dex: 13 (14) Spells: 3 memorised, 4 levels left

rFire  . . .     SeeInvis +     h - +2 dagger (speed)
rCold  + + .     Gourm    .     b - +1 robe
rNeg   + + +     Faith    .     (no shield)
rPois  +         Spirit   .     (no helmet)
rElec  .         Dismiss  .     (no cloak)
rCorr  .         Reflect  .     (no gloves)
SustAt .         Harm     .     (no boots)
MR     .....                    (no amulet)
Stlth  ++........               (no ring)
                                (no ring)

@: very slightly contaminated, regenerating slowly, not resistant to hostile
enchantments, unstealthy
A: fangs 3, see invisible, unbreathing
a: Bat Form


You were on level 3 of the Dungeon.
You were near bloodless.

You visited 1 branch of the dungeon, and saw 3 of its levels.
You also visited: Sewer.

You collected 98 gold pieces.

Inventory:

Hand Weapons
 h - a +2 dagger of speed (weapon)
Armour
 b - a +1 robe (worn)
Scrolls
 a - a scroll of blinking {unknown}
 f - a scroll of identify
Books
 c - a book of Maledictions

   Spells                             Type                      Level
   a - Corona                         Hexes                        1
   b - Ensorcelled Hibernation        Hexes/Ice                    2
   c - Confuse                        Hexes                        3
   d - Tukima's Dance                 Hexes                        3
   e - Dazzling Spray                 Conjuration/Hexes            3


   Skills:
 + Level 1.5 Fighting
 + Level 2.5 Short Blades
 + Level 3.2 Dodging
 + Level 5.3 Stealth
 * Level 3.5 Spellcasting
 + Level 5.2 Hexes
 + Level 1.5 Ice Magic


You had 4 spell levels left.
You knew the following spells:

 Your Spells              Type           Power        Failure   Level  Hunger
a - Ensorcelled Hibernat  Hex/Ice        ###...       6%          2    ##.....
b - Confuse               Hex            ###.....     6%          3    ###....
c - Tukima's Dance        Hex            ###.....     6%          3    ###....


Dungeon Overview and Level Annotations

Branches:
Dungeon (3/15)

Altars:


Innate Abilities, Weirdness & Mutations

You heal slowly.
You have razor-sharp teeth.
You have supernaturally acute eyesight.
You can survive without breathing.


Message History

Moving in this stuff is going to be slow.
The giant frog barely misses you. x2; The giant frog hits you.
* * * LOW HITPOINT WARNING * * *
The giant frog closely misses you.
Casting: Confuse
Confirm with . or Enter, or press ? or * to list all spells.
Aiming: Confuse
Press: ? - help, Shift-Dir - straight line, f - giant frog
Aim: a giant frog (moderately wounded, chance to defeat MR: 53%)
You miscast Confuse.
You are very lightly contaminated with residual magic.
Your hands glow momentarily.
The giant frog hits you.
* * * LOW HITPOINT WARNING * * *
The giant frog barely misses you.
You aren't carrying any potions.
Unknown command.
Read which item? (? for menu, Esc to quit)
As you read the scroll of fog, it crumbles to dust.
The scroll dissolves into smoke.
The giant frog hits you.
You die...

..#.# # #)#.# .# #.#
#.# #.# #..## #.#
######..... #.#
#......#### ###
#.#.###.#..+##≈≈###≈#
........#..#≈≈≈§§§'≈#
....######.#÷≈§§@F'.#
....# #.'##≈§###≈#
##### ##..####.### #
##..)..... #
#########


You could see a giant frog.

Vanquished Creatures
  An orc wizard (D:3)
  A gnoll (D:3)
  7 adders
  10 oozes (Sewer)
  2 worms
  A dart slug (D:2)
  14 giant geckos
  3 orcs (D:3)
  9 giant cockroaches
  6 hobgoblins
  7 kobolds
  9 ball pythons
  11 bats
  16 giant newts
  11 goblins
  7 rats
115 creatures vanquished.

Notes
Turn   | Place    | Note
--------------------------------------------------------------
     0 | D:1      | grisgris the Vampire Enchanter began the quest for the Orb.
     0 | D:1      | Reached XP level 1. HP: 13/13 MP: 3/3
    85 | D:1      | Reached XP level 2. HP: 11/20 MP: 5/5
    94 | D:1      | Learned a level 2 spell: Ensorcelled Hibernation
   648 | D:2      | Reached XP level 3. HP: 25/25 MP: 6/6
   688 | D:2      | Reached skill level 1 in Ice Magic
   815 | D:2      | Learned a level 3 spell: Confuse
   959 | D:2      | Reached XP level 4. HP: 31/31 MP: 7/7
   981 | D:2      | Learned a level 3 spell: Tukima's Dance
  1270 | D:2      | Reached skill level 5 in Hexes
  1547 | D:3      | Reached skill level 1 in Fighting
  1645 | D:3      | Reached skill level 5 in Stealth
  1649 | D:3      | Reached XP level 5. HP: 32/37 MP: 1/9
  1729 | D:3      | Found a glowing drain.
  1733 | Sewer    | Entered a sewer
  2875 | Sewer    | Reached XP level 6. HP: 43/43 MP: 6/11
  3094 | D:3      | HP: 2/43 [giant frog (6)]
  3095 | D:3      | Slain by a giant frog

Skill      XL: |  1  2  3  4  5 |
---------------+----------------+-----
Ice Magic      | 1 |  1.5
Short Blades   | 2 |  2.5
Hexes          | 5 |  5.2
Fighting       | 1 |  1.5
Spellcasting   | 3 |  3.5
Stealth        | 5 |  5.3
Dodging        | 3 |  3.2

Action                   |  1- 3 |  4- 6 || total
-------------------------+-------+-------++-------
Melee: Dagger            |    65 |   177 ||   242
       Bite              |     1 |     5 ||     6
 Cast: Ensorcelled Hiber |    10 |    64 ||    74
       Confuse           |       |     5 ||     5
  Use: Potion            |     4 |     5 ||     9
       Scroll            |     5 |     3 ||     8
 Stab: Sleeping          |    24 |    53 ||    77
Armor: Robe              |    18 |    43 ||    61
Dodge: Dodged            |    50 |   173 ||   223
